 Dungeon Crawl Stone Soup version 0.25-a0-413-g3b4b6a4ccc (webtiles) character file.

Game seed: 2679498027399076867, levelgen mode: deterministic

409039 Borgoz the Impregnable (level 23, -28/159 HPs)
             Began as a Gargoyle Berserker on Jan 16, 2020.
             Was the Champion of Trog.
             Killed from afar by a deep elf sorcerer (36 damage)
             ... with damnation
             ... on level 3 of the Elven Halls.
             The game lasted 01:39:04 (44747 turns).

Borgoz the Impregnable (Gargoyle Berserker)        Turns: 44747, Time: 01:39:04

Health: -28/159    AC: 44    Str: 26    XL:     23   Next: 46%
Magic:  23/23      EV: 29    Int: 12    God:    Trog [******]
Gold:   612        SH:  0    Dex: 28    Spells: 22/22 levels left

rFire    + + .     SeeInvis .   a - +7 great mace "Efecad" {crush, MR+ Str+7}
rCold    + + +     Gourm    .   (shield currently unavailable)
rNeg     + + +     Faith    .   r - +0 plate armour of Elin {Dex+6}
rPois    ∞         Spirit   .   U - +1 helmet
rElec    +         Reflect  .   q - scarf {rC+ rF+}
rCorr    .         Harm     .   s - +1 pair of gloves of Kindness {rN+ Dex+7}
MR       ++...                  H - +0 pair of boots
Stlth    ..........             t - amulet of regeneration
HPRegen  0.76/turn              y - +6 ring of evasion
MPRegen  0.18/turn              V - ring of Lady Luck {rPois rF+ rC++ rN+ Stlth-}

@: flying, very slightly contaminated, hasted, very quick
A: big wings, thin skeletal structure 1, negative energy resistance 1,
electricity resistance, weak 2, unbreathing, petrification resistance, rot
immunity, AC +17
}: 2/15 runes: decaying, serpentine
a: Stop Flying, Berserk, Trog's Hand, Brothers in Arms, Renounce Religion


You were on level 3 of the Elven Halls.
You worshipped Trog.
Trog was exalted by your worship.
You were near starving.

You visited 7 branches of the dungeon, and saw 38 of its levels.
You visited 2 bazaars.
You also visited: Trove, Ossuary and Bailey.

You collected 5744 gold pieces.
You spent 5132 gold pieces at shops.

Inventory:

Hand Weapons
 a - the +7 great mace "Efecad" (weapon) {crush, MR+ Str+7}
   (Trog gifted it to you on level 3 of the Vaults)

   It inflicts extra damage upon your enemies.
   It affects your strength (+7).
   It affects your resistance to hostile enchantments.
 b - the +9 mace "Lenloxugh" {vamp, rPois Str+3}
   (You found it on level 2 of the Elven Halls)

   It inflicts no extra harm, but heals its wielder when it wounds a living foe.
   It affects your strength (+3).
   It protects you from poison.
 N - the +8 great mace of Uncomfortable Rashes {crush, rF+}
   (Trog gifted it to you on level 8 of the Dungeon)

   It inflicts extra damage upon your enemies.
   It protects you from fire.
 T - a +5 great mace of crushing
 W - the +8 morningstar of Gravity {venom, Int+4}
   (You took it off a deep elf archer on level 1 of the Elven Halls)

   It poisons the flesh of those it strikes.
   It affects your intelligence (+4).
Missiles
 p - 3 throwing nets (quivered)
Armour
 q - a scarf of resistance (worn)
 r - the +0 plate armour of Elin (worn) {Dex+6}
   (You bought it in a shop on level 2 of the Orcish Mines)

   It affects your dexterity (+6).
 s - the +1 pair of gloves of Kindness (worn) {rN+ Dex+7}
   (You found it on level 5 of the Dungeon)

   It affects your dexterity (+7).
   It protects you from negative energy.
 E - the +4 cloak of Nup Wide {Slay+4 SInv}
   (You found it on level 11 of the Dungeon)

   It affects your accuracy and damage with ranged weapons and melee attacks
   (+4).
   It lets you see invisible.
 H - a +0 pair of boots (worn)
 U - a +1 helmet (worn)
Jewellery
 t - an amulet of regeneration (around neck)
 y - a +6 ring of evasion (left hand)
 L - an uncursed ring of protection from fire
 R - an uncursed ring of resist corrosion
 V - the ring of Lady Luck (right hand) {rPois rF+ rC++ rN+ Stlth-}
   (You bought it in a shop on level 1 of the Elven Halls)

   [ring of positive energy]

   It protects you from fire.
   It greatly protects you from cold.
   It protects you from poison.
   It protects you from negative energy.
   It makes you less stealthy.
 X - an uncursed amulet of guardian spirit
Wands
 d - a wand of acid (26)
 l - a wand of polymorph (10)
 B - a wand of disintegration (39)
 J - a wand of digging (10)
 O - a wand of paralysis (27)
 Q - a wand of iceblast (16)
Scrolls
 e - 4 scrolls of fear
 g - 6 scrolls of blinking
 h - 5 scrolls of holy word
 j - 21 scrolls of teleportation
 m - 9 scrolls of fog
 n - a scroll of summoning
 o - 14 scrolls of remove curse
 w - a scroll of silence
 D - a scroll of brand weapon
 M - 8 scrolls of magic mapping
 P - 10 scrolls of identify
 S - a scroll of enchant weapon
Potions
 f - 21 potions of curing
 i - 15 potions of resistance
 k - 19 potions of heal wounds
 v - a potion of berserk rage
 x - 3 potions of invisibility
 z - 10 potions of might
 A - 2 potions of ambrosia
 C - 8 potions of haste
 G - 4 potions of cancellation
 I - 5 potions of agility
 K - a potion of mutation
Comestibles
 c - 63 rations


   Skills:
 + Level 20.9 Fighting
 + Level 20.0 Maces & Flails
 + Level 21.0 Armour
 + Level 17.3 Dodging


You had 22 spell levels left.
You didn't know any spells.
Your spell library was empty.

Dungeon Overview and Level Annotations

Branches:
Dungeon (15/15)            Temple (0/1) D:7            Lair (6/6) D:9
  Swamp (4/4) Lair:3        Snake (4/4) Lair:3        Slime (0/5) Lair:5
    Orc (2/2) D:9             Elf (3/3) Orc:2        Vaults (4/5) D:13
  Crypt (0/3) Vaults:3     Depths (0/5) D:15        Ossuary (visited)
 Bailey (visited)

Altars:
Cheibriados
Dithmenos
Fedhas
Hepliaklqana
Makhleb
Ru
Sif Muna
Trog
Uskayaw
Wu Jian
Xom
Yredelemnul
The Shining One
Jiyva

Shops:
D:13 ?[   Orc:2 !*=[   Elf:1 :=}=   Snake:1 ?[   Vaults:1 (   Vaults:3 *([
Vaults:4 [


Innate Abilities, Weirdness & Mutations

You are resistant to torment.
Your stone body is resilient. (AC +17)
You are immune to poison.
Your large and strong wings let you fly indefinitely.
You resist negative energy. (rN+)
You are resistant to electric shocks. (rElec)
You can survive without breathing.
You are immune to petrification.
You are immune to rotting.
You have a somewhat thin skeletal structure. (Dex +2, Stealth)
You are very weak. (Str -4)


Message History

As you close the door, it creaks loudly!
Okay, then.
You feel yourself speed up.
A deep elf sorcerer opens the door.
There is an open door here.
The deep elf sorcerer wildly gestures.
The deep elf sorcerer glows brightly for a moment.
The deep elf sorcerer seems less brilliant.
The deep elf sorcerer casts a spell at you.
The sphere of damnation explodes!
The damnation engulfs you!!
* * * LOW HITPOINT WARNING * * *
There is an open door here.
As you close the door, it creaks loudly!
You are near starving!
A deep elf sorcerer opens the door.
There is an open door here.
The deep elf sorcerer shouts, "You are history!"
The deep elf sorcerer points at you and mumbles some strange words.
The sphere of damnation explodes!
The damnation engulfs you!!!
You die...

#.###.## ##'#..... #.#
##.## ##.####'## #.#
##.## ##.## #.# #.#
##.## ##.######'## #.#
##.## ##.##.....)..
#.# ##.##
##.###......).
###'##### ##'######.##
#........ #.......#
##.....#'## #........
#.......#
#....@..######........
#.......#
#.......'..ee'........
#.......#
#.......######........
#.......# #....^..#
#.....e.. #.......#
#.......# #........
#.......# ##'.....#+
#####e###
###'#######.###+###
#.# #.# ##.## #.# #.#
#.# ##.## #.# #.# #


You could see 2 deep elf sorcerers.

Vanquished Creatures
  Margery (Vaults:3)
  Vashnia (Snake:3)
  The ghost of Gourymegh the Peltast, an adept MiBe of Trog (Vaults:4)
  Jorgrun (D:15)
  Rupert (D:15)
  2 tentacled monstrosities
  A deep elf blademaster (Elf:2)
  The ghost of DEFE the Bludgeoner, an adept DsFi of Okawaru (Vaults:2)
  2 shadow dragons (Elf:1)
  Agnes (D:14)
  5 thorn hunters
  10 nagarajas
  A storm dragon (Vaults:3)
  Donald (Elf:1)
  3 frost giants
  14 vault wardens
  2 deep elf sorcerers (Elf:3)
  4 deep elf elementalists
  A very ugly thing (Vaults:1)
  A war gargoyle (Vaults:3)
  7 ironheart preservers
  5 stone giants
  An entropy weaver (Vaults:4)
  3 deep elf demonologists
  3 vampire knights
  3 deep elf annihilators
  4 ettins
  4 deep elf death magi
  An eidolon (Vaults:3)
  3 fire dragons
  2 deep elf high priests (Elf:1)
  4 great orbs of eyes
  8 yaktaur captains
  17 naga warriors
  2 ghost crabs
  A spectral tengu (Vaults:2)
  Fannar (D:10)
  9 vault guards
  3 ice dragons
  16 hydras
  6 ogre magi
  3 shambling mangroves
  A death knight (D:14)
  7 death yaks
  2 spectral humans (Vaults:2)
  27 dancing weapons
  10 centaur warriors
  25 two-headed ogres
  6 anacondas
  5 orc high priests
  16 alligators
  A tengu warrior (D:13)
  A deep troll earth mage (Vaults:3)
  8 hell knights
  35 deep elf knights
  12 shock serpents
  20 naga sharpshooters
  A small abomination (Elf:3)
  3 salamander mystics
  6 unseen horrors
  5 skeletal warriors
  6 swamp dragons
  An orange crystal statue (Vaults:2)
  A spectral elf (Vaults:2)
  An unseen horror (shapeshifter) (Vaults:4)
  2 shadow wraiths
  5 deep trolls
  20 deep elf archers
  3 flayed ghosts
  4 wizards
  A spriggan druid (Swamp:3)
  8 naga ritualists
  18 orc knights
  A spectral hydra (Swamp:4)
  19 ironbrand convokers
  3 phantasmal warriors
  67 deep elf magi
  7 orc sorcerers
  5 wolf spiders
  5 mana vipers
  4 necromancers
  3 oklob plants (Swamp:4)
  10 cyclopes
  11 salamanders
  2 manticores
  An elephant (Lair:6)
  A spectral ettin (Vaults:2)
  An ice statue (D:14)
  49 black mambas
  22 ugly things
  19 naga magi
  3 centaur zombies
  10 guardian serpents
  15 vault sentinels
  A torpor snail (Lair:3)
  34 spiny frogs
  Psyche (D:11)
  2 human skeletons (Vaults:3)
  2 centaur skeletons
  3 gargoyles
  34 yaktaurs
  A yaktaur zombie (Vaults:3)
  2 kobold demonologists (D:12)
  2 rime drakes
  A spiny frog (shapeshifter) (Vaults:1)
  2 rime drakes (shapeshifter)
  2 spectral glowing shapeshifters (Vaults:2)
  8 komodo dragons
  4 freezing wraiths
  A queen bee (shapeshifter) (D:13)
  A death drake zombie (Swamp:4)
  4 polar bears (Lair:6)
  3 hydra zombies (Swamp:4)
  A tengu simulacrum (Vaults:3)
  27 hornets
  13 tyrant leeches
  Prince Ribbit (Lair:1)
  6 trolls
  23 blink frogs
  9 hippogriffs
  A frost giant simulacrum (Vaults:1)
  10 bog bodies
  14 slime creatures
  10 dream sheep
  Grinder (D:4)
  A stone giant simulacrum (Vaults:2)
  A death drake skeleton (Swamp:4)
  12 spriggans
  Sigmund (D:3)
  3 water elementals
  4 wraiths
  52 yaks
  2 shadows (D:12)
  A basilisk (Lair:2)
  4 wyverns
  2 humans (shapeshifter)
  Eustachio (D:4)
  28 vampire mosquitoes
  5 human simulacra (Vaults:2)
  5 fire elementals
  A yaktaur simulacrum (Vaults:1)
  3 hungry ghosts
  8 wargs
  58 nagas
  A soldier ant (shapeshifter) (D:15)
  12 swamp worms
  11 insubstantial wisps
  3 hydra simulacra (Swamp:4)
  4 acid dragons
  6 water moccasins
  5 porcupines
  Duvessa (D:4)
  A swamp dragon zombie (Swamp:4)
  An ice beast (D:5)
  34 orc warriors
  14 swamp drakes
  An eye of draining (D:14)
  2 eyes of draining (shapeshifter)
  2 sky beasts
  5 phantoms
  A necrophage (D:13)
  A hornet zombie (D:12)
  A tengu (shapeshifter) (Vaults:2)
  20 wolves
  28 ogres
  7 boggarts
  11 centaurs
  14 crocodiles
  7 big kobolds
  24 bullfrogs
  3 earth elementals
  Dowan (D:4)
  6 scorpions
  11 killer bees
  4 troll zombies (D:9)
  12 wights
  3 howler monkeys
  9 electric eels
  6 crimson imps
  A lava snake (Snake:3)
  2 quasits
  A bullfrog zombie (D:9)
  5 hounds
  5 jellies
  A bullfrog skeleton (D:11)
  24 orc priests
  Crazy Yiuf (D:4)
  A gnoll shaman (Orc:1)
  4 iguanas
  A hell rat (D:9)
  26 orc wizards
  Ijyb (D:4)
  13 worker ants
  A big kobold zombie (Ossuary)
  2 ogre zombies (D:9)
  2 hound skeletons
  9 mummies
  25 gnolls
  9 adders
  A howler monkey skeleton (D:8)
  6 shadow imps
  2 oozes
  An adder skeleton (D:4)
  An adder zombie (D:2)
  2 worms (D:2)
  2 dart slugs
  6 leopard geckos
  93 orcs
  2 ball pythons
  4 giant cockroaches
  A gnoll zombie (Ossuary)
  26 hobgoblins
  9 jackals
  5 quokkas
  11 bats
  6 frilled lizards
  11 goblins
  A goblin skeleton (D:9)
  3 goblin zombies
  4 hobgoblin zombies
  31 kobolds
  2 kobold zombies (Ossuary)
  A leopard gecko skeleton (D:4)
  A leopard gecko zombie (D:5)
  An orc skeleton (D:9)
  15 orc zombies
  2 quokka zombies
  16 rats
  2 crawling corpses (Elf:1)
  A fungus (D:4)
1770 creatures vanquished.

Vanquished Creatures (collateral kills)
  A thorn hunter (Swamp:4)
  A deep elf sorcerer (Elf:3)
  A hydra zombie (Swamp:4)
  2 deep elf elementalists (Elf:3)
  A shambling mangrove (Swamp:4)
  A small abomination (Elf:3)
  2 spriggan druids (Swamp:4)
  A freezing wraith (Swamp:4)
  2 hydra simulacra (Swamp:4)
  A briar patch (Swamp:4)
13 creatures vanquished.

Vanquished Creatures (others)
  An ironheart preserver (Vaults:4)
  A naga sharpshooter (Snake:4)
  A shock serpent (Snake:4)
  3 deep elf knights
  A slime creature (Swamp:3)
  A shadow wraith (Vaults:4)
  A swamp dragon (Swamp:1)
  5 dream sheep (D:6)
  2 spriggans
  2 swamp worms
  A swamp drake (Swamp:1)
  A centaur (Vaults:2)
  A boggart (Vaults:2)
  An orc priest (Orc:2)
  An orc (Elf:1)
  2 bushes (Lair:6)
  4 fungi
  30 plants
59 creatures vanquished.

Grand Total: 1842 creatures vanquished

Notes
Turn   | Place    | Note
-------+----------+-------------------------------------------
     0 | D:1      | Borgoz the Gargoyle Berserker began the quest for the Orb.
     0 | D:1      | Reached XP level 1. HP: 14/14 MP: 1/1
    60 | D:1      | Reached XP level 2. HP: 19/19 MP: 2/2
   285 | D:1      | Reached XP level 3. HP: 15/24 MP: 3/3
   628 | D:1      | Reached ** piety under Trog
  1201 | D:2      | Reached skill level 3 in Armour
  1201 | D:2      | Reached XP level 4. HP: 13/29 MP: 4/4
  1790 | D:2      | Reached XP level 5. HP: 33/33 MP: 5/5
  1829 | D:2      | Found a sacrificial altar of Ru.
  1970 | D:2      | Reached *** piety under Trog
  2286 | D:2      | Found an ornate altar of the Wu Jian Council.
  2540 | D:3      | Noticed Sigmund
  2552 | D:3      | Killed Sigmund
  2552 | D:3      | Reached skill level 4 in Armour
  2552 | D:3      | Reached XP level 6. HP: 40/40 MP: 6/6
  3221 | D:4      | Noticed Grinder
  3228 | D:4      | Paralysed by Grinder for 3 turns
  3245 | D:4      | Paralysed by Grinder for 6 turns
  3253 | D:4      | Killed Grinder
  3253 | D:4      | Reached skill level 5 in Fighting
  3253 | D:4      | Reached XP level 7. HP: 25/44 MP: 3/7
  3384 | D:4      | Found a hazy altar of Hepliaklqana.
  3384 | D:4      | Found a shimmering blue altar of Sif Muna.
  3502 | D:4      | Noticed Eustachio
  3528 | D:4      | Killed Eustachio
  3528 | D:4      | Reached skill level 5 in Maces & Flails
  3619 | D:4      | Noticed Ijyb
  3625 | D:4      | Killed Ijyb
  3900 | D:4      | Reached skill level 5 in Armour
  4076 | D:4      | Noticed Duvessa
  4076 | D:4      | Noticed Dowan
  4087 | D:4      | Killed Duvessa
  4087 | D:4      | Reached XP level 8. HP: 51/51 MP: 5/8
  4090 | D:4      | Killed Dowan
  4625 | D:4      | Found a runed translucent door.
  4626 | D:4      | Noticed Crazy Yiuf
  4633 | D:4      | Killed Crazy Yiuf
  4741 | D:5      | Entered Level 5 of the Dungeon
  4857 | D:5      | Reached **** piety under Trog
  4981 | D:5      | Got a pair of twisted gloves
  4992 | D:5      | Identified the +1 pair of gloves of Kindness {rN+ Dex+7}
                  | (You found it on level 5 of the Dungeon)
  5018 | D:5      | Reached skill level 6 in Armour
  5077 | D:5      | Found a burning altar of Makhleb.
  5387 | D:5      | Noticed a yak
  5387 | D:5      | Noticed a yak
  5387 | D:5      | Noticed a yak
  5395 | D:5      | Killed a yak
  5402 | D:5      | Killed a yak
  5402 | D:5      | Reached skill level 5 in Dodging
  5402 | D:5      | Reached XP level 9. HP: 57/57 MP: 9/9
  5601 | D:6      | Found a shimmering altar of Xom.
  5637 | D:6      | Found a sand-covered staircase.
  5654 | Ossuary  | Entered an ossuary
  6112 | D:6      | Reached skill level 7 in Armour
  6165 | D:6      | Found a snail-covered altar of Cheibriados.
  6394 | D:6      | Found a blossoming altar of Fedhas.
  6659 | D:6      | Found a shimmering altar of Xom.
  6874 | D:7      | Found a hide-covered altar of Uskayaw.
  6874 | D:7      | Found a glowing golden altar of the Shining One.
  6989 | D:7      | Found a staircase to the Ecumenical Temple.
  7321 | D:7      | Got a polished scale mail
  7332 | D:7      | Identified the +2 scale mail "Rudump" {rElec rPois rC-
                  | rCorr Int+7} (You found it on level 7 of the Dungeon)
  7554 | D:8      | Reached ***** piety under Trog
  7554 | D:8      | Received a gift from Trog
  7561 | D:8      | Got an encrusted great mace {god gift}
  7562 | D:8      | Identified the +8 great mace of Uncomfortable Rashes
                  | {crush, rF+} (Trog gifted it to you on level 8 of the
                  | Dungeon)
  7599 | D:8      | Reached XP level 10. HP: 47/64 MP: 6/10
  7622 | D:8      | Reached skill level 8 in Armour
  7969 | D:8      | Found a shadowy altar of Dithmenos.
  8189 | D:9      | You fall into a shaft and drop 2 floors!
  8197 | D:11     | Noticed a seven-headed hydra
  8218 | D:11     | Noticed a manticore
  8221 | D:11     | Killed a seven-headed hydra
  8224 | D:11     | Killed a manticore
  8420 | D:11     | Noticed a purple ugly thing
  8427 | D:11     | Killed a purple ugly thing
  8427 | D:11     | Reached skill level 9 in Armour
  8571 | D:10     | Entered Level 10 of the Dungeon
  8633 | D:10     | Found a bloodstained altar of Trog.
  8647 | D:10     | Reached XP level 11. HP: 67/71 MP: 11/11
  8700 | D:10     | Received a gift from Trog
  8810 | D:10     | Found a shimmering blue altar of Sif Muna.
  8832 | D:10     | Found a flagged portal.
  8844 | D:10     | Noticed Fannar
  8874 | D:10     | Killed Fannar
  8874 | D:10     | Reached skill level 10 in Fighting
  8900 | Bailey   | Entered a bailey
  9156 | Bailey   | Noticed an orc knight
  9168 | Bailey   | Killed an orc knight
  9292 | Bailey   | Reached skill level 10 in Armour
  9401 | D:10     | Found a viscous altar of Jiyva.
  9526 | D:10     | Received a gift from Trog
  9840 | D:10     | Noticed a red ugly thing
  9847 | D:10     | Killed a red ugly thing
 10898 | D:9      | Found a staircase to the Orcish Mines.
 10987 | D:9      | Noticed a death yak
 10989 | D:9      | Noticed a death yak
 10990 | D:9      | Found a staircase to the Lair.
 10990 | D:9      | Noticed a death yak
 11000 | D:9      | Killed a death yak
 11000 | D:9      | Reached skill level 10 in Maces & Flails
 11000 | D:9      | Reached XP level 12. HP: 79/79 MP: 9/12
 11007 | D:9      | Killed a death yak
 11018 | D:9      | Killed a death yak
 11028 | D:9      | Received a gift from Trog
 11037 | D:9      | Got a warped morningstar {god gift}
 11219 | D:9      | Noticed a two-headed ogre
 11225 | D:9      | Killed a two-headed ogre
 11433 | D:9      | Noticed a two-headed ogre
 11440 | D:9      | Killed a two-headed ogre
 11440 | D:9      | Reached skill level 11 in Armour
 11451 | D:9      | Identified the +1 morningstar "Dipaofat" {flame, rElec rF+}
                  | (Trog gifted it to you on level 9 of the Dungeon)
 11586 | D:9      | Reached XP level 13. HP: 85/85 MP: 13/13
 11673 | D:11     | Found a portal to a secret trove of treasure.
 11687 | Trove    | Entered a treasure trove
 11812 | D:11     | Reached skill level 12 in Armour
 11812 | D:11     | Reached skill level 10 in Dodging
 11812 | D:11     | Gained mutation: Your large and strong wings let you fly
                  | indefinitely. [Gargoyle growth]
 11812 | D:11     | Reached XP level 14. HP: 91/91 MP: 14/14
 11937 | D:11     | Noticed Psyche
 11951 | D:11     | Killed Psyche
 12145 | D:11     | Got a steaming cloak
 12156 | D:11     | Identified the +4 cloak of Nup Wide {Slay+4 SInv} (You
                  | found it on level 11 of the Dungeon)
 12183 | D:11     | Got a smoking tin ring
 12396 | D:12     | Identified the ring "Rietig" {rC+ Stlth+} (You found it on
                  | level 11 of the Dungeon)
 13130 | D:12     | Reached * piety under Trog
 13399 | D:13     | Found Lekhigazu's Magic Scroll Boutique.
 13404 | D:13     | Bought a scroll of identify for 30 gold pieces
 13421 | D:13     | Found a flickering gateway to a bazaar.
 13441 | Bazaar   | Entered a bazaar
 13443 | Bazaar   | Found Voliz's Armour Boutique.
 13447 | Bazaar   | Found Fuofecy's Assorted Antiques.
 13447 | Bazaar   | Found Nupsy's Distillery.
 13448 | Bazaar   | Found Yciv's Book Boutique.
 13463 | Bazaar   | Bought a potion of might for 52 gold pieces
 13463 | Bazaar   | Bought a potion of might for 52 gold pieces
 13463 | Bazaar   | Bought a potion of heal wounds for 65 gold pieces
 13463 | Bazaar   | Bought a potion of haste for 130 gold pieces
 13463 | Bazaar   | Bought a potion of haste for 130 gold pieces
 13476 | Bazaar   | Bought a potion of heal wounds for 100 gold pieces
 13476 | Bazaar   | Bought a sapphire ring for 100 gold pieces
 13476 | Bazaar   | Bought a scroll labeled FIGUJI ROMUTS for 20 gold pieces
 13476 | Bazaar   | Bought a potion of resistance for 200 gold pieces
 13785 | D:13     | Found Jaghe's Armour Emporium.
 13861 | D:13     | Found a gate to the Vaults.
 14216 | D:14     | Reached XP level 15. HP: 97/97 MP: 15/15
 14230 | D:14     | Reached skill level 13 in Armour
 14449 | D:14     | Noticed Agnes
 14462 | D:14     | Killed Agnes
 15010 | D:15     | Entered Level 15 of the Dungeon
 15055 | D:15     | Noticed Jorgrun
 15065 | D:15     | Killed Jorgrun
 15248 | D:15     | Found a snail-covered altar of Cheibriados.
 15554 | D:15     | Noticed Rupert
 15556 | D:15     | Paralysed by Rupert for 3 turns
 15567 | D:15     | Killed Rupert
 15647 | D:15     | Found a staircase to the Depths.
 15647 | D:15     | Noticed a frost giant
 15656 | D:15     | Killed a frost giant
 16196 | D:15     | Reached skill level 14 in Armour
 16392 | Lair:1   | Entered Level 1 of the Lair of Beasts
 16825 | Lair:1   | Noticed Prince Ribbit
 16832 | Lair:1   | Killed Prince Ribbit
 17915 | Lair:3   | Found a staircase to the Swamp.
 17955 | Lair:3   | Found a staircase to the Snake Pit.
 17960 | Lair:3   | Reached XP level 16. HP: 106/106 MP: 16/16
 18085 | Lair:3   | Received a gift from Trog
 19920 | Lair:5   | Found a staircase to the Slime Pits.
 20460 | Lair:6   | Entered Level 6 of the Lair of Beasts
 20566 | Lair:6   | Received a gift from Trog
 20934 | Lair:6   | Reached skill level 15 in Armour
 20950 | Lair:6   | Received a gift from Trog
 21665 | Orc:1    | Entered Level 1 of the Orcish Mines
 22135 | Orc:2    | Entered Level 2 of the Orcish Mines
 22136 | Orc:2    | Found a staircase to the Elven Halls.
 22172 | Orc:2    | Reached skill level 15 in Fighting
 22208 | Orc:2    | Received a gift from Trog
 22508 | Orc:1    | Found a burning altar of Makhleb.
 22790 | Orc:2    | Found a burning altar of Makhleb.
 22852 | Orc:2    | Found Nitzu's Distillery.
 23414 | Orc:2    | Found Locw's Assorted Antiques.
 23592 | Orc:2    | Reached skill level 15 in Maces & Flails
 23592 | Orc:2    | Reached XP level 17. HP: 113/113 MP: 17/17
 23621 | Orc:2    | Found Hyreth's Antique Armour Boutique.
 23621 | Orc:2    | Found Jorchirug's Jewellery Boutique.
 23656 | Orc:2    | Bought a slimy plate armour for 756 gold pieces
 23666 | Orc:2    | Identified the cursed +0 plate armour of Elin {Dex+6} (You
                  | bought it in a shop on level 2 of the Orcish Mines)
 23676 | Orc:2    | Bought an uncursed ring of resist corrosion for 280 gold
                  | pieces
 23679 | Orc:2    | Bought a potion of heal wounds for 75 gold pieces
 23679 | Orc:2    | Bought a potion of resistance for 150 gold pieces
 23679 | Orc:2    | Bought a potion of ambrosia for 120 gold pieces
 23864 | Swamp:1  | Entered Level 1 of the Swamp
 24043 | Swamp:1  | Received a gift from Trog
 24328 | Swamp:1  | Noticed a tentacled monstrosity
 24352 | Swamp:1  | Killed a tentacled monstrosity
 25955 | Swamp:3  | Reached skill level 16 in Armour
 26144 | Swamp:3  | Received a gift from Trog
 26699 | Swamp:4  | Entered Level 4 of the Swamp
 27109 | Swamp:4  | Received a gift from Trog
 27109 | Swamp:4  | Reached XP level 18. HP: 120/120 MP: 18/18
 27149 | Swamp:4  | Got an iridescent great sword {god gift}
 27152 | Swamp:4  | Identified the +10 great sword of Trog's Fury {slice, rF-
                  | MR+ Int+4} (Trog gifted it to you on level 4 of the Swamp)
 27748 | Swamp:4  | Found a basalt altar of Yredelemnul.
 27760 | Swamp:4  | Got a decaying rune of Zot
 28074 | Swamp:4  | Found a blossoming altar of Fedhas.
 28304 | Swamp:4  | Received a gift from Trog
 28996 | Snake:1  | Entered Level 1 of the Snake Pit
 29301 | Snake:1  | Reached skill level 17 in Armour
 29542 | Snake:1  | Found Huagips's Armour Shop.
 29547 | Snake:1  | Found Qiephik's Magic Scroll Shop.
 29554 | Snake:1  | Bought a scroll of blinking for 90 gold pieces
 29554 | Snake:1  | Bought a scroll of holy word for 90 gold pieces
 29554 | Snake:1  | Bought a scroll of teleportation for 36 gold pieces
 29761 | Snake:1  | Received a gift from Trog
 30532 | Snake:3  | Reached XP level 19. HP: 128/128 MP: 19/19
 30553 | Snake:3  | Noticed Vashnia
 30950 | Snake:3  | Killed Vashnia
 31239 | Snake:3  | Received a gift from Trog
 32506 | Snake:4  | Entered Level 4 of the Snake Pit
 32868 | Snake:4  | Received a gift from Trog
 33377 | Snake:4  | Reached skill level 18 in Armour
 33571 | Snake:4  | Received a gift from Trog
 33694 | Snake:4  | Reached skill level 15 in Dodging
 33792 | Snake:4  | Reached XP level 20. HP: 127/136 MP: 18/20
 34033 | Snake:4  | Got a serpentine rune of Zot
 34556 | Vaults:1 | Entered Level 1 of the Vaults
 34593 | Vaults:1 | Received a gift from Trog
 35829 | Vaults:1 | Received a gift from Trog
 35862 | Vaults:1 | Found Foproxt's Antique Weapon Emporium.
 35891 | Vaults:1 | Bought a crystal dire flail for 324 gold pieces
 35891 | Vaults:1 | Identified the +5 dire flail of the Gloaming {freeze, rF-
                  | rC+ Dex+2} (You bought it in a shop on level 1 of the
                  | Vaults)
 36722 | Vaults:2 | Received a gift from Trog
 36733 | Vaults:2 | Reached skill level 19 in Armour
 37208 | Vaults:2 | Found a runed translucent gate.
 37209 | Vaults:2 | Found a runed translucent gate.
 37244 | Vaults:2 | Reached XP level 21. HP: 106/143 MP: 19/21
 37254 | Vaults:2 | Found a runed translucent gate.
 37362 | Vaults:2 | Noticed DEFE's ghost (adept DsFi)
 37386 | Vaults:2 | Killed DEFE's ghost
 37418 | Vaults:2 | Got a polished morningstar
 37427 | Vaults:2 | Identified the cursed +1 morningstar "Talir" {protect, rF+
                  | MP+9} (You found it on level 2 of the Vaults)
 37474 | Vaults:2 | Found a gateway to a bazaar.
 37491 | Bazaar   | Entered a bazaar
 37491 | Bazaar   | Found Pocur's Assorted Antiques.
 37491 | Bazaar   | Found Bioxkec's Food Emporium.
 37494 | Bazaar   | Found Ucitzisk's Magic Scroll Emporium.
 37495 | Bazaar   | Found Adwaof's Jewellery Shoppe.
 37518 | Bazaar   | Bought a scroll of blinking for 67 gold pieces
 37518 | Bazaar   | Bought a scroll of teleportation for 27 gold pieces
 37518 | Bazaar   | Bought a scroll of teleportation for 27 gold pieces
 37518 | Bazaar   | Bought a scroll of summoning for 85 gold pieces
 37522 | Bazaar   | Bought a ration for 50 gold pieces
 37522 | Bazaar   | Bought a ration for 50 gold pieces
 37528 | Bazaar   | Bought a potion of haste for 180 gold pieces
 37528 | Bazaar   | Bought a potion of heal wounds for 90 gold pieces
 37528 | Bazaar   | Bought a scroll of teleportation for 54 gold pieces
 37532 | Bazaar   | Bought an uncursed amulet of regeneration for 330 gold
                  | pieces
 37567 | Vaults:2 | Reached ****** piety under Trog
 37799 | Vaults:2 | Received a gift from Trog
 38056 | Vaults:3 | Found Hiet's Assorted Antiques.
 38397 | Vaults:3 | Paralysed by a great orb of eyes for 3 turns
 38430 | Vaults:3 | Noticed Margery
 38449 | Vaults:3 | Killed Margery
 38458 | Vaults:3 | Received a gift from Trog
 38619 | Vaults:3 | Got a crude great mace {god gift}
 38661 | Vaults:3 | Identified the +7 great mace "Efecad" {crush, MR+ Str+7}
                  | (Trog gifted it to you on level 3 of the Vaults)
 38728 | Vaults:3 | Found Commoth's Weapon Shoppe.
 38767 | Vaults:3 | Found Baemurph's Armour Shoppe.
 39185 | Vaults:3 | Received a gift from Trog
 39536 | Vaults:3 | Found a staircase to the Crypt.
 39647 | Vaults:4 | Found Upibie Baoll's Antique Armour Shoppe.
 39657 | Vaults:4 | Reached XP level 22. HP: 132/151 MP: 20/22
 39663 | Vaults:4 | Bought a runed helmet for 217 gold pieces
 39956 | Vaults:4 | Gained mutation: You are weak. (Str -2) [a neqoxec]
 39958 | Vaults:4 | Gained mutation: You have a somewhat thin skeletal
                  | structure. (Dex +2, Stealth) [a neqoxec]
 39982 | Vaults:4 | Reached skill level 20 in Armour
 39985 | Vaults:4 | Gained mutation: You are very weak. (Str -4) [a neqoxec]
 40144 | Vaults:4 | Received a gift from Trog
 40993 | Vaults:4 | Found a runed translucent door.
 41209 | Vaults:4 | Noticed Gourymegh's ghost (adept MiBe)
 41252 | Vaults:4 | Killed Gourymegh's ghost
 41509 | Elf:1    | Entered Level 1 of the Elven Halls
 41600 | Elf:1    | Noticed Donald
 41609 | Elf:1    | Killed Donald
 41695 | Elf:1    | Found Fetiecwug's One-of-a-Kind Books.
 41787 | Elf:1    | Received a gift from Trog
 42175 | Elf:1    | Found Buqyum's Jewellery Shoppe.
 42176 | Elf:1    | Found Koadesim's Gadget Shop.
 42177 | Elf:1    | Found Qumeum's Jewellery Shoppe.
 42353 | Elf:1    | Identified the +8 morningstar of Gravity {venom, Int+4}
 42643 | Elf:1    | Found a runed translucent gate.
 42643 | Elf:1    | Found a runed translucent gate.
 42643 | Elf:1    | Found a runed translucent gate.
 42652 | Elf:1    | Received a gift from Trog
 42666 | Elf:1    | Identified a scroll of acquirement
 42740 | Elf:1    | Found a runed translucent gate.
 42740 | Elf:1    | Found a runed translucent gate.
 42770 | Elf:1    | Found a runed translucent gate.
 43044 | Elf:2    | Got a pitted mace
 43047 | Elf:2    | Found a runed translucent gate.
 43047 | Elf:2    | Found a runed translucent gate.
 43047 | Elf:2    | Found a runed translucent gate.
 43089 | Elf:2    | Received a gift from Trog
 43093 | Elf:2    | Identified the +9 mace "Lenloxugh" {vamp, rPois Str+3} (You
                  | found it on level 2 of the Elven Halls)
 43286 | Elf:1    | Bought the ring of Lady Luck {rPois rF+ rC++ rN+ Stlth-}
                  | for 705 gold pieces
 43290 | Elf:1    | Bought an uncursed ring of protection from cold for 450
                  | gold pieces
 43338 | Elf:2    | Reached XP level 23. HP: 147/158 MP: 23/23
 43644 | Elf:2    | Received a gift from Trog
 44090 | Elf:3    | Entered Level 3 of the Elven Halls
 44457 | Elf:3    | Received a gift from Trog
 44706 | Elf:3    | Reached skill level 21 in Armour
 44737 | Elf:3    | HP: 3/159 [deep elf sorcerer/damnation (35)]
 44747 | Elf:3    | Killed from afar by a deep elf sorcerer

Levels and vault maps discovered:
D:1:      lightli_arrival_chessboard, layout_loops_ring, hangedman_decor_points,
          hangedman_decor_opposing
D:2:      minmay_inner_zag, layout_basic, marbit_many_paths,
          nicolae_ru_great_annihilating_truth, first_ration,
          corexii_corridor_pit
D:3:      layout_loops_ring, chequers_jeans, uniq_sigmund
D:4:      layout_loops_corners, amethyst_overflow_temple_binary,
          uniq_crazy_yiuf_cottage, uniq_ijyb, uniq_eustachio, uniq_grinder,
          uniq_duvessa
D:5:      layout_basic, overflow_temple_1_default
D:6:      layout_loops_ring, slow_altar_2, overflow_temple_1_default,
          basic_altar, enter_ossuary_4, kb_xom_exploding_sheep
D:7:      layout_loops_cross, chequers_temple_overflow_statue_of_worship,
          temple_fountains
D:8:      layout_cave_pools, grunt_dithmenos_smoke, blue_anna_alchemist
          [blue_anna_fruit_fields, blue_anna_fruit_fields], nrook_uturn,
          kennysheep_generic_room_8
D:9:      layout_loops_ring, dpeg_lair_monsters, zombieorc1_lemuel
D:10:     layout_basic, enter_bailey_2, hangedman_feature_mirror,
          nrook_loot_triangle, jiyva_altar_1, uniq_fannar
D:11:     layout_loops_ring, enter_trove_0, uniq_psyche
D:12:     layout_irregular_city
D:13:     layout_cave_pods, erik_vaults_1, serial_shops, bzr_entry_gold, shop,
          shop_scrolls
D:14:     layout_cave_pools, corexii_corridor_pit, minmay_tree_intersection,
          minivault_16, kennysheep_generic_room_14, uniq_agnes
D:15:     grunt_enter_depths_snipers, layout_irregular_city,
          cheibriados_altar_1, uniq_rupert, uniq_jorgrun
Lair:1:   layout_regular_city, grunt_megastairs_4, serial_bayou_shore_a,
          uniq_prince_ribbit2
Lair:2:   layout_chaotic_city
Lair:3:   layout_hall_layers, skrybe_swamp_entry_bodies,
          minmay_snake_entry_guardpost_medium, lemuel_fruit_tree
Lair:4:   layout_layer_cave
Lair:5:   layout_regular_city, slime_dummy, serial_bayou_lagoon_a,
          nicolae_quartered_pool_medium, bh_autumn_forest_stairs
Lair:6:   minmay_lair_end_frog_pond, layout_hall_layers, st_stairs_10,
          cheibrodos_lair_lostbears
Swamp:1:  cheibrodos_swamp_monstrosity, layout_basic_swamp,
          evilmike_swamp_ruin_house_1
Swamp:2:  layout_falls_marsh, evilmike_swamp_ruin_house_6
Swamp:3:  layout_falls_marsh, serial_swamp_ruin, evilmike_swamp_ruin_house_5,
          hangedman_swamp_ruin_wall, evilmike_swamp_ruin_house_4
Swamp:4:  byrel_swamp_growth_death_and_undeath, layout_basic_swamp
Snake:1:  layout_rooms, minmay_shop_star
Snake:2:  layout_onion_interference
Snake:3:  layout_layer_cave, grunt_ministairs_15, nicolae_snake_shapes,
          uniq_vashnia
Snake:4:  johnstein_snake_rune_scales, layout_cave_town,
          nicolae_snake_double_loop
Orc:1:    layout_caves, basic_altar
Orc:2:    st_orc_elflike, layout_caves, basic_altar
Elf:1:    eino_elf_arrival_customs, layout_loops_cross, orc_legates,
          nicolae_rare_books, minmay_shop_grove, uniq_donald
Elf:2:    layout_geoelf_grid, drop_trap
Elf:3:    minmay_elf_hall_statues, layout_geoelf_grid, serial_shops, shop,
          drop_trap, uniq_louise
Vaults:1: nicolae_vaults_c_with_doors, nicolae_vaults_stairing_the_circle,
          vaults_room_stairs_pillars, v_misc_29,
          nicolae_vaults_little_squares_3, vaults_room_corners, v_pattern_5,
          v_rooms_5, nicolae_vaults_what_the_h, vaults_room_mumra_shop_pool,
          layout_vaults_ring
Vaults:2: gammafunk_vaults_ghost_necromancy,
          vaults_standard_mumra_enter_the_diamond, v_misc_17,
          vaults_mumra_minichess_inversion, v_rooms_3,
          nicolae_vaults_network_square, nicolae_vaults_windows_and_doors_thing,
          vaults_dpeg_doors, v_misc_4, vaults_dpeg_encased_lava,
          grunt_vaults_bifocal, nicolae_vaults_little_squares_3,
          layout_vaults_omnibox, serial_shops, statue_bzr
Vaults:3: minmay_crypt_entry_simple_walls, vaults_room_hallway,
          nicolae_vaults_octagons, v_rooms_1, ontoclasm_vaults_ring_large,
          dpeg_vaults_monster_box, ontoclasm_vaults_twist,
          vaults_room_door_hall, layout_vaults_omnigrid, serial_shops,
          nicolae_shop_statue_plus, shop, nicolae_shop_overgrown_old_shop,
          uniq_margery
Vaults:4: ebering_vaults_ghost_reflecting_pool, v_misc_31, vaults_dpeg_ring,
          vaults_room_door_hall, v_misc_17, vaults_dpeg_spiral,
          hangedman_vaults_trim, v_misc_27, nicolae_vaults_specimen_jars,
          vaults_room_corners, v_alt_pattern_4, vaults_room_fours,
          hangedman_vaults_corner_blocks, layout_vaults_omnicross, serial_shops,
          nicolae_shop_statue_plus

Skill      XL: |  1  2  3  4  5  6  7  8  9 10 11 12 13 14 15 16 17 18 19 20 21 22 23 |
---------------+----------------------------------------------------------------------+-----
Dodging        | 2 3 4 5 6 7 8 9 10 11 12 13 14 15 16 17 | 17.3
Armour         | 3 4 5 6 7 9 10 11 12 14 15 16 17 18 19 20 21 | 21.0
Fighting       | 4 5 7 8 9 10 11 12 14 15 16 17 18 19 20 | 20.9
Maces & Flails | 4 5 6 7 8 10 11 12 14 15 16 17 18 19 20 | 20.0

Action                   |  1- 3 |  4- 6 |  7- 9 | 10-12 | 13-15 | 16-18 | 19-21 | 22-24 || total
-------------------------+-------+-------+-------+-------+-------+-------+-------+-------++-------
Melee: Mace              |   120 |   189 |       |       |       |       |       |       ||   309
       Flail             |       |    35 |   416 |       |       |       |       |       ||   451
       Great mace        |       |       |    14 |   486 |   607 |  1567 |  1660 |   916 ||  5250
Throw: Throwing net      |       |       |     1 |       |     2 |       |       |       ||     3
Invok: Berserk           |       |     1 |     6 |     1 |     2 |     2 |       |       ||    12
       Trog's Hand       |       |       |       |     1 |     2 |     3 |     3 |     1 ||    10
       Brothers in Arms  |       |       |       |       |       |     2 |       |     1 ||     3
 Abil: Fly               |       |       |       |       |     1 |       |       |       ||     1
Evoke: Wand              |       |       |       |       |     1 |       |       |       ||     1
  Use: Scroll            |       |     6 |    10 |     4 |     5 |     9 |     9 |     5 ||    48
       Potion            |       |     1 |       |     2 |     1 |       |     4 |     1 ||     9
 Stab: Sleeping          |     1 |       |       |       |       |       |       |       ||     1
       Held in net/web   |       |       |       |       |     1 |       |       |       ||     1
       Confused          |       |       |       |       |       |     2 |       |       ||     2
  Eat: Chunk             |     1 |     8 |    14 |    21 |    25 |    35 |    23 |    16 ||   143
       Ration            |       |       |     2 |       |       |     3 |     3 |       ||     8
Armor: Animal skin       |    42 |       |       |       |       |       |       |       ||    42
       Ring mail         |    15 |   102 |       |       |       |       |       |       ||   117
       Scale mail        |       |    30 |   196 |   296 |   270 |   235 |       |       ||  1027
       Plate armour      |       |       |       |       |       |   821 |   818 |   462 ||  2101
Dodge: Dodged            |   101 |   149 |   297 |   531 |   763 |  2933 |  2156 |  1324 ||  8254

Table legend:
 A = Non-vault XP
 B = Vault XP
 C = Vault XP percentage of total XP
 D = Non-vault monster count
 E = Vault monster count
 F = Vault count percentage of total count
                 A         B        C        D         E       F
            +---------+---------+-------+---------+---------+-------
      Total |  420311 |  302286 |  41.8 |    1207 |     585 |  32.6
            +---------+---------+-------+---------+---------+-------
        D:1 |      59 |       0 |   0.0 |      32 |       0 |   0.0
        D:2 |     145 |      70 |  32.6 |      30 |      11 |  26.8
        D:3 |      39 |     220 |  84.9 |      21 |       1 |   4.5
        D:4 |     314 |     741 |  70.2 |      18 |       6 |  25.0
        D:5 |    1313 |       0 |   0.0 |      14 |       0 |   0.0
        D:6 |     229 |      20 |   8.0 |       8 |       3 |  27.3
        D:7 |     689 |       0 |   0.0 |      17 |       0 |   0.0
        D:8 |    1363 |     185 |  12.0 |      22 |       3 |  12.0
        D:9 |    2836 |    3584 |  55.8 |      18 |      39 |  68.4
       D:10 |    6162 |    1378 |  18.3 |      62 |       5 |   7.5
       D:11 |    4775 |     424 |   8.2 |      35 |       1 |   2.8
       D:12 |    9170 |       0 |   0.0 |      51 |       0 |   0.0
       D:13 |    7357 |    3278 |  30.8 |      28 |       4 |  12.5
       D:14 |    6044 |    3618 |  37.4 |      26 |       4 |  13.3
       D:15 |   13742 |    9083 |  39.8 |      32 |       5 |  13.5
     Lair:1 |    5503 |    1880 |  25.5 |      20 |       9 |  31.0
     Lair:2 |    1827 |       0 |   0.0 |      11 |       0 |   0.0
     Lair:3 |    3005 |    1153 |  27.7 |      14 |       6 |  30.0
     Lair:4 |    9131 |       0 |   0.0 |      29 |       0 |   0.0
     Lair:5 |    4829 |       0 |   0.0 |      20 |       0 |   0.0
     Lair:6 |    5580 |   15864 |  74.0 |      23 |      58 |  71.6
    Swamp:1 |   12421 |    2811 |  18.5 |      33 |       1 |   2.9
    Swamp:2 |   12638 |       0 |   0.0 |      32 |       0 |   0.0
    Swamp:3 |   18915 |       0 |   0.0 |      44 |       0 |   0.0
    Swamp:4 |   21223 |   22591 |  51.6 |      48 |      40 |  45.5
    Snake:1 |   24688 |       0 |   0.0 |      49 |       0 |   0.0
    Snake:2 |   16384 |       0 |   0.0 |      29 |       0 |   0.0
    Snake:3 |   20658 |   13871 |  40.2 |      40 |      14 |  25.9
    Snake:4 |   16548 |   40467 |  71.0 |      32 |      62 |  66.0
      Orc:1 |    3464 |       0 |   0.0 |      35 |       0 |   0.0
      Orc:2 |    3880 |    8151 |  67.7 |      42 |      24 |  36.4
      Elf:1 |   26673 |   22846 |  46.1 |      42 |      38 |  47.5
      Elf:2 |   21026 |   24786 |  54.1 |      37 |      29 |  43.9
      Elf:3 |   17178 |   11963 |  41.1 |      26 |      10 |  27.8
   Vaults:1 |   17533 |   37510 |  68.1 |      42 |      58 |  58.0
   Vaults:2 |   36730 |   23775 |  39.3 |      49 |      40 |  44.9
   Vaults:3 |   37076 |   32622 |  46.8 |      55 |      44 |  44.4
   Vaults:4 |   29164 |   18341 |  38.6 |      41 |      20 |  32.8
    Ossuary |       0 |     182 | 100.0 |       0 |      16 | 100.0
     Bailey |       0 |     872 | 100.0 |       0 |      34 | 100.0
            +---------+---------+-------+---------+---------+-------
